 Dungeon Crawl Stone Soup version 0.30-a0-883-g5ad918d77d (webtiles) character file.

Game seed: 2037177428192059152

978 Pimp the Shield-Bearer (level 8, 0/64 HPs)
             Began as a Formicid Fighter on Mar 15, 2023.
             Was an Initiate of Gozag.
             Slain by Pikel
             ... wielding a +0 whip of freezing
              (8 damage)
             ... on level 5 of the Dungeon.
             The game lasted 00:10:08 (4339 turns).

Pimp the Shield-Bearer (Formicid Fighter)           Turns: 4339, Time: 00:10:09

Health: 0/64       AC:  7    Str: 20    XL:     8   Next: 40%
Magic:  8/8        EV: 12    Int: 14    God:    Gozag
Gold:   502        SH:  5    Dex: 13    Spells: 7/7 levels left

rFire   . . .      SeeInvis +    a - +2 war axe (spect)
rCold   . . .      Faith    .    c - +0 buckler
rNeg    . . .      Spirit   .    g - +2 leather armour {Will+}
rPois   .          Reflect  .    (helmet unavailable)
rElec   .          Rampage  .    i - +1 cloak of Appak {Int+3}
rCorr   .                        (no gloves)
Will    +....                    (no boots)
Stlth   +                        (no amulet)
HPRegen 0.30/turn                (no ring)
MPRegen 0.11/turn                (no ring)

@: no status effects
A: permanent stasis, dig shafts and tunnels, antennae 3, four strong arms
a: Dig, Shaft Self, Renounce Religion, Potion Petition, Call Merchant, Bribe
Branch


You were on level 5 of the Dungeon.
You worshipped Gozag.
Gozag was pleased with you.
You visited 1 branch of the dungeon, and saw 5 of its levels.

You collected 526 gold pieces.
You paid 24 gold pieces to Gozag.

Inventory:

Hand Weapons
 a - a +2 spectral war axe (weapon)
Armour
 b - a +0 scale mail
 c - a +0 buckler (worn)
 g - a +2 leather armour of willpower (worn)
 i - the +1 cloak of Appak (worn) {Int+3}
   (You found it on level 2 of the Dungeon)

   Int:       It affects your intelligence (+3).
Jewellery
 v - a ring of positive energy
Wands
 k - a wand of charming (4) (quivered)
 l - a wand of digging (9)
 m - a wand of polymorph (7)
 p - a wand of flame (11)
Scrolls
 j - a scroll of immolation
 n - 4 scrolls of noise
Potions
 d - a potion of might
 e - 2 potions of haste {unknown}
 f - 2 potions of brilliance
 h - 2 potions of curing
 o - a potion of cancellation {unknown}
 s - a potion of invisibility {unknown}
 t - 2 potions of berserk rage {unknown}


   Skills:
 * Level 6.2 Fighting
 * Level 5.1 Axes
 + Level 5.0 Armour
 + Level 2.6 Dodging
 + Level 6.2 Shields


You had 7 spell levels left.
You didn't know any spells.
Your spell library contained the following spells:

 Spells                   Type           Power      Damage    Failure   Level
 Shock                    Conj/Air       0%         1d3       38%         1
 Ozocubu's Armour         Ice            0%         N/A       77%         3
 Airstrike                Air            0%         2d(0-16)  99%         4
 Ozocubu's Refrigeration  Ice            0%         4d7       100%        7
 Swiftness                Air            Unusable   N/A       N/A         3

Dungeon Overview and Level Annotations

Branches:
Dungeon (5/15)             Temple (0/1) D:5

Altars:
Gozag
The Shining One

Shops:
D:3 *   D:4 :

Annotations:
D:5 Pikel


Innate Abilities, Weirdness & Mutations

You cannot be hasted, slowed, berserked, paralysed or teleported.
You can dig through walls and to a lower floor.
You have a pair of large antennae on your head. (SInv)
Your four strong arms can wield two-handed weapons with a shield.


Message History

You barely miss the lemure. You hit the lemure. You completely miss the lemure.
You closely miss the lemure.
Your +2 spectral war axe hits the lemure.
Your +2 spectral war axe misses the lemure.
The lemure hits you. x2; Pikel closely misses you.
The lemure hits you!
* * * LOW HITPOINT WARNING * * *
You block the lemure's attack.
You feel better. You block the lemure's attack.
The lemure hits you but does no damage.
Pikel hits you with a +0 whip of freezing!
* * * LOW HITPOINT WARNING * * *
Pikel freezes you.
* * * LOW HITPOINT WARNING * * *
The lemure hits you.
* * * LOW HITPOINT WARNING * * *
The lemure misses you.
You hit Pikel but do no damage.
Pikel is moderately wounded.
You hit the lemure.
You kill the lemure!
That felt strangely unrewarding.
You closely miss the lemure. You hit the lemure. You barely miss the lemure.
Your +2 spectral war axe barely misses the lemure.
Pikel hits you but does no damage. The lemure hits you but does no damage.
The lemure closely misses you. The lemure hits you but does no damage.
Pikel misses you. You block the lemure's attack. The lemure hits you.
* * * LOW HITPOINT WARNING * * *
The lemure hits you but does no damage.
You hit Pikel.
Pikel is heavily wounded.
You closely miss the lemure. You hit the lemure.
You kill the lemure!
That felt strangely unrewarding.
You hit the lemure.
Your +2 spectral war axe hits the lemure!
You kill the lemure!
That felt strangely unrewarding.
Your +2 spectral war axe closely misses the lemure.
Pikel hits you with a +0 whip of freezing!
You die...
Your body crumbles into a pile of gold.

.###..#....<.#..#..###
.##...#.###.##.........
........###[............
......####....##........
.......#................
.................#......
.........#........#...#
.........#.....K5...##
.....#.#.#......@(...#
....####..#####.ยง.....#
....##....# #..:....#
.....##.### #.........
....###.# { .#.........
....#...### #.#.....##..
....#.....# . #...... .
..#....#..#.>.##....##
..##...#..#...#


You could see Pikel, a lemure and a friendly +2 spectral war axe (summoned).

Vanquished Creatures
  2 black bears
  An ogre (D:5)
  3 lemures (D:5)
  Blork the orc (D:5)
  3 scorpions (D:5)
  A jelly (D:5)
  Crazy Yiuf (D:3)
  3 orc priests
  2 iguanas (D:4)
  2 orc wizards
  9 adders
  3 gnolls (D:4)
  An ufetubus (D:5)
  2 worms
  10 orcs
  4 bats
  9 endoplasms
  4 giant cockroaches
  9 goblins
  12 hobgoblins
  4 jackals (D:1)
  5 kobolds
  5 quokkas
  3 ball pythons
  6 frilled lizards
  2 rats
107 creatures vanquished.

Vanquished Creatures (others)
  Robin (D:2)
1 creature vanquished.

Grand Total: 108 creatures vanquished

Notes
Turn   | Place    | Note
-------+----------+-------------------------------------------
     0 | D:1      | Pimp the Formicid Fighter began the quest for the Orb.
     0 | D:1      | Reached XP level 1. HP: 18/18 MP: 1/1
    56 | D:1      | Reached XP level 2. HP: 15/24 MP: 2/2
   368 | D:1      | Found a faded altar of an unknown god.
   783 | D:1      | Reached XP level 3. HP: 29/29 MP: 3/3
  1404 | D:2      | Reached XP level 4. HP: 37/37 MP: 4/4
  1565 | D:2      | Noticed Robin
  1575 | D:2      | Your ally Robin died
  1630 | D:2      | Identified the +1 cloak of Appak {Int+3}
  2003 | D:3      | Reached XP level 5. HP: 42/42 MP: 5/5
  2120 | D:3      | Reached skill level 1 in Dodging
  2144 | D:3      | Found an opulent altar of Gozag.
  2263 | D:3      | Became a worshipper of Gozag Ym Sagoz the Greedy
  2421 | D:3      | Reached skill level 5 in Shields
  2524 | D:3      | Found a runed translucent door.
  2525 | D:3      | Noticed Crazy Yiuf
  2672 | D:3      | Killed Crazy Yiuf
  2673 | D:3      | Reached XP level 6. HP: 41/49 MP: 6/6
  2758 | D:3      | Found Joboix's General Store.
  2914 | D:4      | Found a glowing golden altar of the Shining One.
  3181 | D:4      | Identified the +0 ring mail of Gidigoca {Will+ Int+3}
  3416 | D:4      | Reached skill level 5 in Fighting
  3495 | D:4      | Noticed a black bear
  3503 | D:4      | Killed a black bear
  3504 | D:4      | Reached XP level 7. HP: 50/56 MP: 7/7
  3534 | D:4      | Found Ithrausho's Book Boutique.
  3605 | D:5      | Entered Level 5 of the Dungeon
  3859 | D:5      | Noticed Blork the orc
  3870 | D:5      | Killed Blork the orc
  3871 | D:5      | Reached XP level 8. HP: 22/64 MP: 8/8
  4039 | D:5      | Noticed Pikel
  4262 | D:5      | Reached skill level 5 in Axes
  4262 | D:5      | Reached skill level 5 in Armour
  4319 | D:5      | Found a staircase to the Ecumenical Temple.
  4339 | D:5      | Slain by Pikel

Illustrated notes

Levels and vault maps discovered:
D:1:      lordsloth_arrival_two_stooges, layout_basic,
          shapermc_ecumenical_altar_pompeii
D:2:      layout_loops_ring, bh_walls_and_bars, uniq_robin
D:3:      layout_basic, old_standard_altar, serial_shops, shop,
          uniq_crazy_yiuf_cottage
D:4:      layout_loops_ring, nicolae_tso_carved_into_rock, serial_shops,
          nicolae_shop_temple_entry_statues_fountains, grunt_decor_arrowhead
D:5:      layout_cave_pools, minmay_temple_entry_from_below_a,
          uniq_blork_the_orc, uniq_pikel

Skill      XL: |  1  2  3  4  5  6  7  8 |
---------------+-------------------------+-----
Fighting       | 4 5 6 |  6.2
Dodging        | 1 2 |  2.6
Axes           | 3 4 5 |  5.1
Armour         | 4 5 |  5.0
Shields        | 5 6 |  6.2

Action                     |  1- 3 |  4- 6 |  7- 9 || total
---------------------------+-------+-------+-------++-------
  Melee: War axe           |    85 |   146 |    53 ||   284
  Evoke: Wand              |       |     1 |       ||     1
    Use: Scroll            |       |    11 |     1 ||    12
         Potion            |       |     1 |     1 ||     2
   Stab: Sleeping          |       |     2 |       ||     2
 Armour: Scale mail        |    20 |       |       ||    20
         Leather armour    |    14 |    65 |    24 ||   103
  Dodge: Dodged            |    32 |    94 |    32 ||   158
  Block: Buckler           |    22 |    36 |    28 ||    86

Table legend: (Time is in decaauts)
 A = Elapsed time spent in this place.
 B = Non-inter-level travel time spent in this place.
 C = Inter-level travel time spent in this place.
 D = Time resting spent in this place.
 E = Time spent auto-exploring this place.
 F = Levels seen in this place.
 G = Mean time per level.
                   A        B        C        D        E       F      G
               +--------+--------+--------+--------+--------+-----+--------+
         Total |   4447 |   4221 |    226 |    762 |   2459 |   5 |  889.4 |
       Dungeon |   4447 |   4221 |    226 |    762 |   2459 |   5 |  889.4 |
               +--------+--------+--------+--------+--------+-----+--------+

Top non-repeatable levels by time:
     D:4: 1151 daAuts
     D:1: 1104 daAuts
     D:2: 947 daAuts
     D:3: 893 daAuts
     D:5: 350 daAuts
